Canadiens vs Canucks

Created - Thursday, October 30, 2014 at 22:40

Goals
1 2 3 T
Canadiens 1 0 0 1
Canucks 1 1 0 2
Shots
1 2 3 T
Canadiens 6 8 16 30
Canucks 13 16 4 33

1st period

1. Canucks , Andrei Markov 3 (Victor Hedman, Kyle Brodziak) at 12:34
2. Canadiens , Eric Staal 4 (Patric Hornqvist, Ryan Whitney) at 19:43

Penalties :
Victor Hedman (Van) for Roughing (Minor) at 0:43, Ben Lovejoy (Mon) for Roughing (Minor) at 9:02, Mathieu Perreault (Mon) for High sticking (Minor) at 15:21

2nd period

3. Canucks , Pavel Datsyuk 5 (Niklas Hjalmarsson, Clarke MacArthur) at 16:37

Penalties :
Ryane Clowe (Van) for High sticking (Minor) at 6:20

3rd period

No Goal

Penalties :
Clarke MacArthur (Van) for Hooking (Minor) at 5:01, Ryan White (Van) for Hooking (Minor) at 15:19

Goalie Stats

Marc-Andre Fleury (Mon), 31 saves from 33 shots - (0.939), L, 5-3-1, 60:00 minutes
Ben Bishop (Van), 29 saves from 30 shots - (0.967), W, 7-3-0, 60:00 minutes

Players Stats for Canadiens

Player Name              G  A  P  +/- PIM S  H  SB GA TA FO     MP     PP MP  PK MP  
------------------------------------------------------------------------------------
Ben Lovejoy              0  0  0   0  2   3  1  2  0  4  0/0    25:56   3:06   1:05 
Craig Smith              0  0  0  -2  0   0  1  0  0  1  0/0    16:12   3:15   0:00 
Dalton Prout             0  0  0   0  0   0  0  1  0  0  0/0     7:31   0:00   0:00 
Derek Grant              0  0  0   0  0   0  0  0  1  0  5/12   12:01   0:00   3:08 
Eric Staal               1  0  1   1  0   3  2  0  6  0  12/17  22:15   4:17   0:50 
Jonathan Ericsson        0  0  0  -1  0   1  2  5  0  1  0/0    24:25   3:06   2:53 
Jussi Jokinen            0  0  0  -2  0   2  0  0  2  0  0/0    15:50   3:05   0:00 
Marcus Johansson         0  0  0   0  0   0  0  1  1  1  0/0    11:12   0:00   0:00 
Mathieu Perreault        0  0  0  -2  2   1  1  2  1  0  6/10   17:01   3:05   0:00 
Matt Niskanen            0  0  0  -1  0   3  0  1  2  0  0/0    29:13   4:50   3:04 
Mike Cammalleri          0  0  0   1  0   5  1  0  3  0  2/2    19:22   4:41   0:00 
Nathan Beaulieu          0  0  0   0  0   0  0  1  0  1  0/0     9:00   0:00   0:00 
Pascal Dupuis            0  0  0   0  0   1  1  1  2  1  0/0    14:20   0:00   3:08 
Patric Hornqvist         0  1  1   1  0   2  0  0  0  0  0/0    19:22   4:41   0:00 
RJ Umberger              0  0  0   0  0   2  1  0  1  1  0/1     8:47   0:10   0:00 
Ryan Whitney             0  1  1   0  0   1  1  1  0  1  0/0    21:05   4:50   0:54 
Sam Gagner               0  0  0   0  0   3  0  0  0  1  4/5    12:14   0:34   0:00 
Scottie Upshall          0  0  0   0  0   3  1  0  2  0  0/0    10:04   0:00   0:50 

Players Stats for Canucks

Player Name              G  A  P  +/- PIM S  H  SB GA TA FO     MP     PP MP  PK MP  
------------------------------------------------------------------------------------
Andrei Markov            1  0  1   1  0   4  1  0  0  1  0/0    24:28   2:06   3:48 
Boyd Gordon              0  0  0   0  0   2  1  0  1  0  4/10   16:06   0:00   5:17 
Brendan Gallagher        0  0  0   0  0   1  1  0  1  0  0/0    17:02   1:51   0:00 
Christopher Tanev        0  0  0   1  0   0  1  3  0  1  0/0    22:22   1:52   4:08 
Clarke MacArthur         0  1  1   0  2   3  3  0  2  0  0/1    18:52   2:07   0:58 
Cody Hodgson             0  0  0   0  0   3  1  0  4  0  3/14   15:37   1:51   0:00 
James Wright             0  0  0   1  0   1  1  0  2  2  0/0    13:59   0:00   5:38 
Jared Cowen              0  0  0  -1  0   1  1  1  0  0  0/0    13:08   0:00   0:00 
Kyle Brodziak            0  1  1   1  0   2  0  0  1  0  0/2    11:00   0:00   2:39 
Mason Raymond            0  0  0   0  0   3  1  0  4  0  1/1    10:27   0:00   0:18 
Michael Grabner          0  0  0   0  0   0  1  1  1  0  0/0    16:30   2:07   0:00 
Niklas Hjalmarsson       0  1  1   1  0   0  0  3  0  3  0/0    22:22   1:52   4:08 
Pavel Datsyuk            1  0  1   0  0   6  0  0  9  1  10/19  17:55   2:07   0:00 
Ryan White               0  0  0   0  2   0  4  1  0  0  0/0    11:16   0:00   1:02 
Ryane Clowe              0  0  0   0  2   1  2  0  1  1  0/0    16:15   1:51   0:00 
Victor Hedman            0  1  1   1  2   2  1  3  0  0  0/0    23:35   2:06   2:56 
Willie Mitchell          0  0  0  -1  0   2  0  0  0  0  0/0    14:00   0:00   0:52 
Zack Kassian             0  0  0   1  0   2  0  0  0  0  0/0     6:56   0:00   0:00 

3 Stars

1 - Ben Bishop (Van)
2 - Eric Staal (Mon)
3 - Andrei Markov (Van)

Power Play

Canadiens - 0 on 4 Attempt(s) - 0.00%
Canucks - 0 on 2 Attempt(s) - 0.00%

Penalty Kill

Canadiens - 2 on 2 Attempt(s) - 100.00% - Score 0 goal in Penalty Kill
Canucks - 4 on 4 Attempt(s) - 100.00% - Score 0 goal in Penalty Kill

Official

Referees : Unknown
Linesman : Unknown

Game Notes

Dalton Prout is injured at 15:21 of 2nd period (Lacerated Left Calf)
Nathan Beaulieu is injured at 18:01 of 2nd period (Sports Hernia)

Finance

Level 1 -- Attendance: 3952 (65.87%) -- Ticket Income $395,200
Level 2 -- Attendance: 3746 (74.92%) -- Ticket Income $224,760
Level 3 -- Attendance: 1495 (74.75%) -- Ticket Income $52,325
Level 4 -- Attendance: 3349 (83.73%) -- Ticket Income $66,980
Luxury Box -- Attendance: 671 (67.10%) -- Ticket Income $134,200
Game was played at the Rogers Place
Total Attendance: 13213 (73.41%)
Total Ticket Income: $873,465
Other Income: $427,998
Total Income: $1,301,463

Canadiens

5 vs 5 Forward 
   Center                   Left Wing                Right Wing               Time % Phy DF OF 
 1 Eric Staal               Mike Cammalleri          Patric Hornqvist         35     1   2  2  
 2 Mathieu Perreault        Jussi Jokinen            Craig Smith              30     1   2  2  
 3 Sam Gagner               Marcus Johansson         Pascal Dupuis            22     1   2  2  
 4 Derek Grant              RJ Umberger              Scottie Upshall          13     1   2  2  

5 vs 5 Defense 
   Defense                  Defense                                           Time % Phy DF OF 
 1 Matt Niskanen            Ben Lovejoy                                       40     1   2  2  
 2 Dalton Prout             Jonathan Ericsson                                 34     1   2  2  
 3 Nathan Beaulieu          Ryan Whitney                                      26     1   2  2  
 4 Matt Niskanen            Dalton Prout                                      0      1   2  2  

PowerPlay Forward 
   Center                   Left Wing                Right Wing               Time % Phy DF OF 
 1 Eric Staal               Mike Cammalleri          Patric Hornqvist         60     1   1  3  
 2 Mathieu Perreault        Jussi Jokinen            Craig Smith              40     1   1  3  

PowerPlay Defense
   Defense                  Defense                                           Time % Phy DF OF 
 1 Ryan Whitney             Matt Niskanen                                     60     1   2  2  
 2 Jonathan Ericsson        Ben Lovejoy                                       40     1   2  2  

Penalty Kill 4 Players Forward 
   Center                   Wing                     Time % Phy DF OF 
 1 Derek Grant              Pascal Dupuis            60     1   3  1  
 2 Eric Staal               Scottie Upshall          40     1   3  1  

Penalty Kill 4 Players Defense
   Defense                  Defense                  Time % Phy DF OF 
 1 Matt Niskanen            Ben Lovejoy              60     1   3  1  
 2 Jonathan Ericsson        Ryan Whitney             40     1   3  1  

Penalty Kill - 3 Players Forward 
   Forward                                           Time % Phy DF OF 
 1 Derek Grant                                       60     1   3  1  
 2 Pascal Dupuis                                     40     1   3  1  

Penalty Kill - 3 Players Defense
   Defense                  Defense                  Time % Phy DF OF 
 1 Matt Niskanen            Ben Lovejoy              60     1   3  1  
 2 Jonathan Ericsson        Ryan Whitney             40     1   3  1  

4 vs 4 Forward 
   Center                   Wing                     Time % Phy DF OF 
 1 Eric Staal               Mike Cammalleri          60     1   2  2  
 2 Jussi Jokinen            Marcus Johansson         40     1   2  2  

4 vs 4 Defense
   Defense                  Defense                  Time % Phy DF OF 
 1 Dalton Prout             Jonathan Ericsson        60     1   2  2  
 2 Matt Niskanen            Ben Lovejoy              40     1   2  2  

Last Minutes Offensive
   Center                   Left Wing                Right Wing               Defense                  Defense                  
   Eric Staal               Mike Cammalleri          Patric Hornqvist         Matt Niskanen            Dalton Prout             

Last Minutes Defensive
   Center                   Left Wing                Right Wing               Defense                  Defense                  
   Derek Grant              Pascal Dupuis            Scottie Upshall          Nathan Beaulieu          Ben Lovejoy              

Goaltenders
Starting : Marc-Andre Fleury        
Backup : Ilya Bryzgalov           

Extra Forwards
Normal : Sam Gagner, Craig Smith, Patric Hornqvist - PP : Sam Gagner, Craig Smith - PK : Patric Hornqvist
Extra Defensemen
Normal : Jonathan Ericsson, Dalton Prout, Matt Niskanen - PP : Jonathan Ericsson - PK : Jonathan Ericsson, Matt Niskanen
Penalty Shots
Eric Staal, RJ Umberger, Pascal Dupuis, Mike Cammalleri, Sam Gagner

Canucks

5 vs 5 Forward 
   Center                   Left Wing                Right Wing               Time % Phy DF OF 
 1 Pavel Datsyuk            Clarke MacArthur         Brendan Gallagher        35     1   2  2  
 2 Cody Hodgson             Ryane Clowe              Michael Grabner          30     1   2  2  
 3 Boyd Gordon              Mason Raymond            Ryan White               22     1   2  2  
 4 Kyle Brodziak            James Wright             Zack Kassian             13     1   2  2  

5 vs 5 Defense 
   Defense                  Defense                                           Time % Phy DF OF 
 1 Andrei Markov            Victor Hedman                                     35     1   2  2  
 2 Niklas Hjalmarsson       Christopher Tanev                                 30     1   2  2  
 3 Jared Cowen              Willie Mitchell                                   22     1   2  2  
 4 Andrei Markov            Victor Hedman                                     13     1   2  2  

PowerPlay Forward 
   Center                   Left Wing                Right Wing               Time % Phy DF OF 
 1 Pavel Datsyuk            Clarke MacArthur         Michael Grabner          60     1   2  2  
 2 Cody Hodgson             Ryane Clowe              Brendan Gallagher        40     1   2  2  

PowerPlay Defense
   Defense                  Defense                                           Time % Phy DF OF 
 1 Andrei Markov            Victor Hedman                                     60     1   2  2  
 2 Niklas Hjalmarsson       Christopher Tanev                                 40     1   2  2  

Penalty Kill 4 Players Forward 
   Center                   Wing                     Time % Phy DF OF 
 1 Boyd Gordon              James Wright             60     1   2  2  
 2 Kyle Brodziak            Ryan White               40     1   2  2  

Penalty Kill 4 Players Defense
   Defense                  Defense                  Time % Phy DF OF 
 1 Andrei Markov            Victor Hedman            60     1   2  2  
 2 Niklas Hjalmarsson       Christopher Tanev        40     1   2  2  

Penalty Kill - 3 Players Forward 
   Forward                                           Time % Phy DF OF 
 1 Boyd Gordon                                       60     1   2  2  
 2 Kyle Brodziak                                     40     1   2  2  

Penalty Kill - 3 Players Defense
   Defense                  Defense                  Time % Phy DF OF 
 1 Andrei Markov            Victor Hedman            60     1   2  2  
 2 Niklas Hjalmarsson       Christopher Tanev        40     1   2  2  

4 vs 4 Forward 
   Center                   Wing                     Time % Phy DF OF 
 1 Pavel Datsyuk            Clarke MacArthur         60     1   2  2  
 2 Cody Hodgson             Ryane Clowe              40     1   2  2  

4 vs 4 Defense
   Defense                  Defense                  Time % Phy DF OF 
 1 Andrei Markov            Victor Hedman            60     1   2  2  
 2 Niklas Hjalmarsson       Christopher Tanev        40     1   2  2  

Last Minutes Offensive
   Center                   Left Wing                Right Wing               Defense                  Defense                  
   Pavel Datsyuk            Ryane Clowe              Brendan Gallagher        Andrei Markov            Victor Hedman            

Last Minutes Defensive
   Center                   Left Wing                Right Wing               Defense                  Defense                  
   Boyd Gordon              James Wright             Kyle Brodziak            Andrei Markov            Victor Hedman            

Goaltenders
Starting : Ben Bishop               
Backup : Jake Allen               

Extra Forwards
Normal : Mason Raymond, Brendan Gallagher, Pavel Datsyuk - PP : Mason Raymond, Brendan Gallagher - PK : James Wright
Extra Defensemen
Normal : Jared Cowen, Willie Mitchell, Niklas Hjalmarsson - PP : Jared Cowen - PK : Willie Mitchell, Niklas Hjalmarsson
Penalty Shots
Pavel Datsyuk, Mason Raymond, Michael Grabner, Cody Hodgson, Kyle Brodziak

% Time on Ice - Canadiens

Lines # - Real PCT - Wanted PCT - Time Play
Normal Forward
1 - 31% - 35% - 14:54
2 - 30% - 30% - 14:19
3 - 23% - 22% - 11:12
4 - 16% - 13% - 7:41
Normal Defense
1 - 30% - 40% - 14:12
2 - 37% - 34% - 17:59
3 - 26% - 26% - 12:26
4 - 7% - 0% - 3:29
PP Forward
1 - 61% - 60% - 4:51
2 - 39% - 40% - 3:05
PP Defense
1 - 61% - 60% - 4:50
2 - 39% - 40% - 3:06
PK Forward
1 - 79% - 60% - 3:08
2 - 21% - 40% - 0:50
PK Defense
1 - 77% - 60% - 3:04
2 - 23% - 40% - 0:54
PK3 Forward
1 - 0% - 60%
2 - 0% - 40%
PK3 Defense
1 - 0% - 60%
2 - 0% - 40%
44 Forward
1 - 0% - 60%
2 - 0% - 40%
44 Defense
1 - 0% - 60%
2 - 0% - 40%
Last Minute Offensive  - 0:00
Last Minute Defensive  - 0:00
Total
Forward - 60:00
Defense - 60:00

% Time on Ice - Canucks

Lines # - Real PCT - Wanted PCT - Time Play
Normal Forward
1 - 35% - 35% - 16:35
2 - 29% - 30% - 13:46
3 - 21% - 22% - 10:09
4 - 15% - 13% - 6:56
Normal Defense
1 - 33% - 35% - 15:30
2 - 35% - 30% - 16:23
3 - 27% - 22% - 12:41
4 - 6% - 13% - 2:52
PP Forward
1 - 53% - 60% - 2:07
2 - 47% - 40% - 1:51
PP Defense
1 - 53% - 60% - 2:06
2 - 47% - 40% - 1:52
PK Forward
1 - 82% - 60% - 6:28
2 - 18% - 40% - 1:28
PK Defense
1 - 48% - 60% - 3:48
2 - 52% - 40% - 4:08
PK3 Forward
1 - 0% - 60%
2 - 0% - 40%
PK3 Defense
1 - 0% - 60%
2 - 0% - 40%
44 Forward
1 - 0% - 60%
2 - 0% - 40%
44 Defense
1 - 0% - 60%
2 - 0% - 40%
Last Minute Offensive  - 0:00
Last Minute Defensive  - 0:40
Total
Forward - 60:00
Defense - 60:00

Play by Play

1st period


0:01 of 1st period - Eric Staal wins face-off versus Pavel Datsyuk in neutral zone.
0:43 of 1st period - Minor Penalty to Victor Hedman for Roughing.
0:44 of 1st period - Boyd Gordon wins face-off versus Mathieu Perreault in Canucks zone.
1:21 of 1st period - Slapshot by Andrei Markov.
1:21 of 1st period - Shot Misses the Net.
2:43 of 1st period - Penalty to Victor Hedman is over, Victor Hedman is back on ice.
3:11 of 1st period - Marcus Johansson is hit by Ryane Clowe and loses puck.
3:16 of 1st period - Wrist shot by Cody Hodgson.
3:16 of 1st period - Shot Misses the Net.
3:18 of 1st period - Slapshot by Willie Mitchell.
3:18 of 1st period - Shot Misses the Net.
3:46 of 1st period - Slapshot by Clarke MacArthur.
3:46 of 1st period - Deflect By Marcus Johansson.
3:46 of 1st period - Shot Blocked by Pascal Dupuis.
3:46 of 1st period - Puck is out of play.
3:47 of 1st period - Boyd Gordon wins face-off versus RJ Umberger in Canadiens zone.
3:50 of 1st period - Wrist shot by Mason Raymond.
3:50 of 1st period - Stopped by Marc-Andre Fleury without a rebound.
3:51 of 1st period - Boyd Gordon wins face-off versus Derek Grant in Canadiens zone.
4:00 of 1st period - Slapshot by Andrei Markov.
4:00 of 1st period - Stopped by Marc-Andre Fleury with a rebound.
4:02 of 1st period - Wrist shot by Boyd Gordon.
4:02 of 1st period - Stopped by Marc-Andre Fleury without a rebound.
4:03 of 1st period - Derek Grant wins face-off versus Boyd Gordon in Canadiens zone.
4:46 of 1st period - Snap shot by Ryane Clowe.
4:46 of 1st period - Shot Misses the Net.
4:58 of 1st period - Slapshot by Andrei Markov.
4:58 of 1st period - Shot Misses the Net.
5:00 of 1st period - Slapshot by Michael Grabner.
5:00 of 1st period - Shot Misses the Net.
5:08 of 1st period - Snap shot by Ryane Clowe.
5:08 of 1st period - Shot Blocked by Nathan Beaulieu.
5:10 of 1st period - Slapshot by Andrei Markov.
5:10 of 1st period - Shot Blocked by Ryan Whitney.
5:12 of 1st period - Slapshot by Andrei Markov.
5:12 of 1st period - Deflect By Cody Hodgson.
5:12 of 1st period - Stopped by Marc-Andre Fleury without a rebound.
5:13 of 1st period - Mathieu Perreault wins face-off versus Pavel Datsyuk in Canadiens zone.
5:13 of 1st period - Mathieu Perreault is hit by Clarke MacArthur.
5:30 of 1st period - Slapshot by Clarke MacArthur.
5:30 of 1st period - Shot Misses the Net.
6:15 of 1st period - Niklas Hjalmarsson is hit by Eric Staal and loses puck.
6:50 of 1st period - Slapshot by Jonathan Ericsson.
6:50 of 1st period - Shot Misses the Net.
6:52 of 1st period - Snap shot by Pascal Dupuis.
6:52 of 1st period - Shot Misses the Net.
6:54 of 1st period - Backhand shot by Jonathan Ericsson.
6:54 of 1st period - Shot Blocked by Christopher Tanev.
7:11 of 1st period - Wrist shot by Marcus Johansson.
7:11 of 1st period - Shot Misses the Net.
7:55 of 1st period - Slapshot by Willie Mitchell.
7:55 of 1st period - Deflect By Mathieu Perreault.
7:55 of 1st period - Stopped by Marc-Andre Fleury with a rebound.
8:21 of 1st period - Ben Lovejoy is hit by Brendan Gallagher and loses puck.
9:02 of 1st period - Minor Penalty to Ben Lovejoy for Roughing.
9:03 of 1st period - Pavel Datsyuk wins face-off versus Derek Grant in Canadiens zone.
9:21 of 1st period - Slapshot by Andrei Markov.
9:21 of 1st period - Shot Blocked by Jonathan Ericsson.
9:23 of 1st period - Slapshot by Victor Hedman.
9:23 of 1st period - Deflect By Pavel Datsyuk.
9:23 of 1st period - Shot Misses the Net.
9:23 of 1st period - Puck is out of play.
9:24 of 1st period - Derek Grant wins face-off versus Cody Hodgson in Canadiens zone.
10:16 of 1st period - Derek Grant is hit by Michael Grabner.
10:32 of 1st period - Matt Niskanen is hit by Clarke MacArthur and loses puck.
11:02 of 1st period - Penalty to Ben Lovejoy is over, Ben Lovejoy is back on ice.
11:16 of 1st period - Slapshot by Clarke MacArthur.
11:16 of 1st period - Shot Blocked by Jonathan Ericsson.
11:18 of 1st period - Snap shot by Pavel Datsyuk.
11:18 of 1st period - Shot Misses the Net.
11:20 of 1st period - Slapshot by Victor Hedman.
11:20 of 1st period - Shot Blocked by Jonathan Ericsson.
12:16 of 1st period - Slapshot by Andrei Markov.
12:16 of 1st period - Stopped by Marc-Andre Fleury with a rebound.
12:26 of 1st period - Slapshot by Victor Hedman.
12:26 of 1st period - Shot Misses the Net.
12:28 of 1st period - Snap shot by Kyle Brodziak.
12:28 of 1st period - Stopped by Marc-Andre Fleury with a rebound.
12:30 of 1st period - Slapshot by Victor Hedman.
12:30 of 1st period - Shot Misses the Net.
12:32 of 1st period - Slapshot by Andrei Markov.
12:32 of 1st period - Stopped by Marc-Andre Fleury with a rebound.
12:34 of 1st period - Snap shot by Andrei Markov.
12:34 of 1st period - Deflect By Craig Smith.
12:34 of 1st period - Goal by Andrei Markov - Canadiens : 0 - Canucks : 1.
12:35 of 1st period - Eric Staal wins face-off versus Cody Hodgson in neutral zone.
12:40 of 1st period - Snap shot by Mike Cammalleri.
12:40 of 1st period - Stopped by Ben Bishop without a rebound.
12:41 of 1st period - Eric Staal wins face-off versus Cody Hodgson in Canucks zone.
12:50 of 1st period - Slapshot by Eric Staal.
12:50 of 1st period - Deflect By Mike Cammalleri.
12:50 of 1st period - Shot Blocked by Niklas Hjalmarsson.
12:50 of 1st period - Puck is out of play.
12:51 of 1st period - Cody Hodgson wins face-off versus Eric Staal in Canucks zone.
12:56 of 1st period - Patric Hornqvist is hit by Cody Hodgson and loses puck.
13:39 of 1st period - Wrist shot by Pavel Datsyuk.
13:39 of 1st period - Stopped by Marc-Andre Fleury with a rebound.
14:23 of 1st period - Slapshot by Andrei Markov.
14:23 of 1st period - Deflect By Boyd Gordon.
14:23 of 1st period - Shot Blocked by Dalton Prout.
14:23 of 1st period - Puck is out of play.
14:24 of 1st period - Mason Raymond wins face-off versus Mathieu Perreault in Canadiens zone.
14:41 of 1st period - Slapshot by Jussi Jokinen.
14:41 of 1st period - Shot Blocked by Ryan White.
14:55 of 1st period - Snap shot by Mason Raymond.
14:55 of 1st period - Stopped by Marc-Andre Fleury with a rebound.
14:57 of 1st period - Wrist shot by Mason Raymond.
14:57 of 1st period - Shot Misses the Net.
14:59 of 1st period - Slapshot by Jared Cowen.
14:59 of 1st period - Shot Blocked by Matt Niskanen.
15:21 of 1st period - Minor Penalty to Mathieu Perreault for High sticking.
15:22 of 1st period - Derek Grant wins face-off versus Pavel Datsyuk in Canadiens zone.
15:35 of 1st period - Snap shot by Pavel Datsyuk.
15:35 of 1st period - Shot Misses the Net.
15:54 of 1st period - Slapshot by Pascal Dupuis.
15:54 of 1st period - Stopped by Ben Bishop without a rebound.
15:55 of 1st period - Cody Hodgson wins face-off versus Derek Grant in Canucks zone.
16:48 of 1st period - Andrei Markov is hit by Pascal Dupuis and loses puck.
17:10 of 1st period - Snap shot by Eric Staal.
17:10 of 1st period - Stopped by Ben Bishop with a rebound.
17:12 of 1st period - Snap shot by Ryan Whitney.
17:12 of 1st period - Stopped by Ben Bishop without a rebound.
17:13 of 1st period - Pavel Datsyuk wins face-off versus Eric Staal in Canucks zone.
17:21 of 1st period - Penalty to Mathieu Perreault is over, Mathieu Perreault is back on ice.
17:50 of 1st period - Wrist shot by Eric Staal.
17:50 of 1st period - Shot Misses the Net.
18:01 of 1st period - Scottie Upshall is hit by Ryan White and loses puck.
18:14 of 1st period - Dalton Prout is hit by Mason Raymond and loses puck.
18:27 of 1st period - Snap shot by Zack Kassian.
18:27 of 1st period - Stopped by Marc-Andre Fleury with a rebound.
19:27 of 1st period - Slapshot by Cody Hodgson.
19:27 of 1st period - Stopped by Marc-Andre Fleury without a rebound.
19:28 of 1st period - Eric Staal wins face-off versus Pavel Datsyuk in Canadiens zone.
19:37 of 1st period - Snap shot by Eric Staal.
19:37 of 1st period - Shot Misses the Net.
19:39 of 1st period - Snap shot by Patric Hornqvist.
19:39 of 1st period - Stopped by Ben Bishop with a rebound.
19:41 of 1st period - Snap shot by Ryan Whitney.
19:41 of 1st period - Shot Misses the Net.
19:43 of 1st period - Slapshot by Patric Hornqvist.
19:43 of 1st period - Deflect By Eric Staal.
19:43 of 1st period - Goal by Eric Staal - Canadiens : 1 - Canucks : 1.
19:44 of 1st period - Pavel Datsyuk wins face-off versus Derek Grant in neutral zone.
Goals for this period are 1 for Canadiens vs 1 for Canucks.
Shots for this period are 6 for Canadiens vs 13 for Canucks.

2nd period


0:01 of 2nd period - Mike Cammalleri wins face-off versus Pavel Datsyuk in neutral zone.
0:20 of 2nd period - Snap shot by Mike Cammalleri.
0:20 of 2nd period - Stopped by Ben Bishop without a rebound.
0:21 of 2nd period - Sam Gagner wins face-off versus Cody Hodgson in Canucks zone.
1:30 of 2nd period - Wrist shot by Mike Cammalleri.
1:30 of 2nd period - Shot Misses the Net.
1:48 of 2nd period - Ben Lovejoy is hit by Clarke MacArthur and loses puck.
2:19 of 2nd period - Wrist shot by Mason Raymond.
2:19 of 2nd period - Stopped by Marc-Andre Fleury with a rebound.
2:21 of 2nd period - Slapshot by Victor Hedman.
2:21 of 2nd period - Stopped by Marc-Andre Fleury with a rebound.
2:23 of 2nd period - Slapshot by Victor Hedman.
2:23 of 2nd period - Stopped by Marc-Andre Fleury with a rebound.
3:50 of 2nd period - Snap shot by Ryane Clowe.
3:50 of 2nd period - Deflect By Dalton Prout.
3:50 of 2nd period - Stopped by Marc-Andre Fleury with a rebound.
5:02 of 2nd period - Ryan Whitney is hit by Ryan White and loses puck.
5:39 of 2nd period - Snap shot by Zack Kassian.
5:39 of 2nd period - Deflect By Craig Smith.
5:39 of 2nd period - Stopped by Marc-Andre Fleury with a rebound.
5:41 of 2nd period - Slapshot by Niklas Hjalmarsson.
5:41 of 2nd period - Shot Misses the Net.
6:20 of 2nd period - Minor Penalty to Ryane Clowe for High sticking.
6:21 of 2nd period - Mike Cammalleri wins face-off versus Boyd Gordon in Canucks zone.
6:49 of 2nd period - Snap shot by Mike Cammalleri.
6:49 of 2nd period - Shot Misses the Net.
7:13 of 2nd period - Mike Cammalleri is hit by Boyd Gordon and loses puck.
7:20 of 2nd period - Mike Cammalleri is hit by James Wright and loses puck.
8:05 of 2nd period - Kyle Brodziak is hit by Ryan Whitney and loses puck.
8:18 of 2nd period - James Wright is hit by RJ Umberger and loses puck.
8:20 of 2nd period - Penalty to Ryane Clowe is over, Ryane Clowe is back on ice.
8:54 of 2nd period - Wrist shot by Sam Gagner.
8:54 of 2nd period - Stopped by Ben Bishop with a rebound.
8:56 of 2nd period - Slapshot by Dalton Prout.
8:56 of 2nd period - Shot Misses the Net.
8:58 of 2nd period - Slapshot by Ben Lovejoy.
8:58 of 2nd period - Stopped by Ben Bishop without a rebound.
8:59 of 2nd period - Pavel Datsyuk wins face-off versus Derek Grant in Canucks zone.
9:10 of 2nd period - Snap shot by Pavel Datsyuk.
9:10 of 2nd period - Shot Misses the Net.
9:30 of 2nd period - Wrist shot by Clarke MacArthur.
9:30 of 2nd period - Shot Blocked by Ben Lovejoy.
9:32 of 2nd period - Snap shot by Clarke MacArthur.
9:32 of 2nd period - Stopped by Marc-Andre Fleury with a rebound.
9:34 of 2nd period - Wrist shot by Willie Mitchell.
9:34 of 2nd period - Shot Misses the Net.
10:06 of 2nd period - Slapshot by Sam Gagner.
10:06 of 2nd period - Stopped by Ben Bishop with a rebound.
10:08 of 2nd period - Wrist shot by Dalton Prout.
10:08 of 2nd period - Shot Blocked by Jared Cowen.
10:26 of 2nd period - Boyd Gordon is hit by Mike Cammalleri.
11:02 of 2nd period - Snap shot by Brendan Gallagher.
11:02 of 2nd period - Deflect By Pavel Datsyuk.
11:02 of 2nd period - Stopped by Marc-Andre Fleury without a rebound.
11:03 of 2nd period - Pavel Datsyuk wins face-off versus Derek Grant in Canadiens zone.
11:12 of 2nd period - Snap shot by RJ Umberger.
11:12 of 2nd period - Stopped by Ben Bishop without a rebound.
11:13 of 2nd period - Derek Grant wins face-off versus Cody Hodgson in Canucks zone.
11:18 of 2nd period - Slapshot by Scottie Upshall.
11:18 of 2nd period - Stopped by Ben Bishop without a rebound.
11:19 of 2nd period - Derek Grant wins face-off versus Cody Hodgson in Canucks zone.
11:30 of 2nd period - Matt Niskanen is hit by Andrei Markov and loses puck.
11:41 of 2nd period - Snap shot by Scottie Upshall.
11:41 of 2nd period - Shot Misses the Net.
11:43 of 2nd period - Wrist shot by Scottie Upshall.
11:43 of 2nd period - Stopped by Ben Bishop without a rebound.
11:44 of 2nd period - Mathieu Perreault wins face-off versus Clarke MacArthur in Canucks zone.
11:45 of 2nd period - Wrist shot by Jussi Jokinen.
11:45 of 2nd period - Deflect By Craig Smith.
11:45 of 2nd period - Shot Misses the Net.
11:45 of 2nd period - Puck is out of play.
11:46 of 2nd period - Pavel Datsyuk wins face-off versus Mathieu Perreault in Canucks zone.
12:20 of 2nd period - Niklas Hjalmarsson is hit by Mathieu Perreault and loses puck.
13:06 of 2nd period - Sam Gagner is hit by Ryan White and loses puck.
13:19 of 2nd period - Jonathan Ericsson is hit by Ryan White and loses puck.
13:41 of 2nd period - Slapshot by Cody Hodgson.
13:41 of 2nd period - Stopped by Marc-Andre Fleury without a rebound.
13:42 of 2nd period - Cody Hodgson wins face-off versus Derek Grant in Canadiens zone.
14:34 of 2nd period - Snap shot by James Wright.
14:34 of 2nd period - Shot Blocked by Ben Lovejoy.
14:46 of 2nd period - Wrist shot by James Wright.
14:46 of 2nd period - Stopped by Marc-Andre Fleury with a rebound.
14:48 of 2nd period - Slapshot by Willie Mitchell.
14:48 of 2nd period - Stopped by Marc-Andre Fleury with a rebound.
14:50 of 2nd period - Wrist shot by Kyle Brodziak.
14:50 of 2nd period - Stopped by Marc-Andre Fleury without a rebound.
14:51 of 2nd period - Pavel Datsyuk wins face-off versus Eric Staal in Canadiens zone.
15:20 of 2nd period - Dalton Prout is hit by Jared Cowen and loses puck.
15:21 of 2nd period - Dalton Prout from Canadiens is injured at 15:21 of 2nd period (Lacerated Left Calf).
15:22 of 2nd period - Eric Staal wins face-off versus Cody Hodgson in Canadiens zone.
15:31 of 2nd period - Wrist shot by Eric Staal.
15:31 of 2nd period - Shot Blocked by Victor Hedman.
16:07 of 2nd period - Icing by Michael Grabner.
16:08 of 2nd period - Mathieu Perreault wins face-off versus Pavel Datsyuk in Canucks zone.
16:35 of 2nd period - Snap shot by Clarke MacArthur.
16:35 of 2nd period - Stopped by Marc-Andre Fleury with a rebound.
16:37 of 2nd period - Wrist shot by Niklas Hjalmarsson.
16:37 of 2nd period - Deflect By Pavel Datsyuk.
16:37 of 2nd period - Goal by Pavel Datsyuk - Canadiens : 1 - Canucks : 2.
16:38 of 2nd period - Eric Staal wins face-off versus Cody Hodgson in neutral zone.
16:45 of 2nd period - Snap shot by Eric Staal.
16:45 of 2nd period - Shot Blocked by Christopher Tanev.
16:47 of 2nd period - Wrist shot by Mike Cammalleri.
16:47 of 2nd period - Stopped by Ben Bishop with a rebound.
17:26 of 2nd period - Christopher Tanev is hit by Eric Staal and loses puck.
18:00 of 2nd period - Nathan Beaulieu is hit by Christopher Tanev and loses puck.
18:01 of 2nd period - Nathan Beaulieu from Canadiens is injured at 18:01 of 2nd period (Sports Hernia).
18:02 of 2nd period - Pavel Datsyuk wins face-off versus Eric Staal in Canadiens zone.
18:20 of 2nd period - Snap shot by Pavel Datsyuk.
18:20 of 2nd period - Stopped by Marc-Andre Fleury without a rebound.
18:21 of 2nd period - Eric Staal wins face-off versus Pavel Datsyuk in Canadiens zone.
18:43 of 2nd period - Wrist shot by Pavel Datsyuk.
18:43 of 2nd period - Stopped by Marc-Andre Fleury with a rebound.
18:45 of 2nd period - Snap shot by Clarke MacArthur.
18:45 of 2nd period - Stopped by Marc-Andre Fleury with a rebound.
Goals for this period are 0 for Canadiens vs 1 for Canucks.
Shots for this period are 8 for Canadiens vs 16 for Canucks.

3rd period


0:01 of 3rd period - Eric Staal wins face-off versus Cody Hodgson in neutral zone.
0:03 of 3rd period - Off-side.
0:04 of 3rd period - Eric Staal wins face-off versus Cody Hodgson in neutral zone.
0:11 of 3rd period - Snap shot by Eric Staal.
0:11 of 3rd period - Shot Misses the Net.
0:13 of 3rd period - Snap shot by Ben Lovejoy.
0:13 of 3rd period - Shot Blocked by Michael Grabner.
0:15 of 3rd period - Wrist shot by Mike Cammalleri.
0:15 of 3rd period - Shot Misses the Net.
0:17 of 3rd period - Snap shot by Matt Niskanen.
0:17 of 3rd period - Stopped by Ben Bishop with a rebound.
0:19 of 3rd period - Wrist shot by Patric Hornqvist.
0:19 of 3rd period - Shot Misses the Net.
0:33 of 3rd period - Snap shot by Mike Cammalleri.
0:33 of 3rd period - Stopped by Ben Bishop with a rebound.
0:35 of 3rd period - Slapshot by Mike Cammalleri.
0:35 of 3rd period - Shot Misses the Net.
0:37 of 3rd period - Slapshot by Matt Niskanen.
0:37 of 3rd period - Stopped by Ben Bishop without a rebound.
0:38 of 3rd period - Mathieu Perreault wins face-off versus Pavel Datsyuk in Canucks zone.
1:01 of 3rd period - Slapshot by Clarke MacArthur.
1:01 of 3rd period - Shot Blocked by Jonathan Ericsson.
1:38 of 3rd period - Wrist shot by Sam Gagner.
1:38 of 3rd period - Stopped by Ben Bishop without a rebound.
1:39 of 3rd period - Sam Gagner wins face-off versus Boyd Gordon in Canucks zone.
2:00 of 3rd period - Wrist shot by Mason Raymond.
2:00 of 3rd period - Shot Blocked by Marcus Johansson.
2:02 of 3rd period - Snap shot by Boyd Gordon.
2:02 of 3rd period - Stopped by Marc-Andre Fleury with a rebound.
2:04 of 3rd period - Snap shot by Boyd Gordon.
2:04 of 3rd period - Shot Misses the Net.
3:52 of 3rd period - Clarke MacArthur is hit by Jonathan Ericsson and loses puck.
4:05 of 3rd period - Snap shot by Craig Smith.
4:05 of 3rd period - Shot Blocked by Niklas Hjalmarsson.
4:07 of 3rd period - Slapshot by Jonathan Ericsson.
4:07 of 3rd period - Stopped by Ben Bishop with a rebound.
4:09 of 3rd period - Slapshot by Ben Lovejoy.
4:09 of 3rd period - Stopped by Ben Bishop with a rebound.
4:11 of 3rd period - Snap shot by Craig Smith.
4:11 of 3rd period - Shot Blocked by Niklas Hjalmarsson.
4:15 of 3rd period - Wrist shot by Jussi Jokinen.
4:15 of 3rd period - Shot Misses the Net.
4:39 of 3rd period - Snap shot by Scottie Upshall.
4:39 of 3rd period - Stopped by Ben Bishop with a rebound.
4:43 of 3rd period - Snap shot by Scottie Upshall.
4:43 of 3rd period - Shot Misses the Net.
5:01 of 3rd period - Minor Penalty to Clarke MacArthur for Hooking.
5:02 of 3rd period - Eric Staal wins face-off versus Boyd Gordon in Canucks zone.
5:49 of 3rd period - Wrist shot by Jussi Jokinen.
5:49 of 3rd period - Stopped by Ben Bishop without a rebound.
5:50 of 3rd period - Boyd Gordon wins face-off versus Mathieu Perreault in Canucks zone.
6:26 of 3rd period - Christopher Tanev is hit by Jonathan Ericsson and loses puck.
7:01 of 3rd period - Penalty to Clarke MacArthur is over, Clarke MacArthur is back on ice.
7:09 of 3rd period - Ryan Whitney is hit by Ryane Clowe and loses puck.
9:06 of 3rd period - Slapshot by Victor Hedman.
9:06 of 3rd period - Shot Blocked by Jonathan Ericsson.
9:50 of 3rd period - Wrist shot by Brendan Gallagher.
9:50 of 3rd period - Stopped by Marc-Andre Fleury without a rebound.
9:51 of 3rd period - Pavel Datsyuk wins face-off versus Eric Staal in Canadiens zone.
10:16 of 3rd period - Mike Cammalleri is hit by Victor Hedman and loses puck.
11:12 of 3rd period - Christopher Tanev is hit by Ben Lovejoy and loses puck.
11:39 of 3rd period - Wrist shot by Pavel Datsyuk.
11:39 of 3rd period - Stopped by Marc-Andre Fleury without a rebound.
11:40 of 3rd period - Pavel Datsyuk wins face-off versus Sam Gagner in Canadiens zone.
12:03 of 3rd period - Slapshot by Pavel Datsyuk.
12:03 of 3rd period - Shot Misses the Net.
12:50 of 3rd period - Snap shot by Eric Staal.
12:50 of 3rd period - Stopped by Ben Bishop without a rebound.
12:51 of 3rd period - Eric Staal wins face-off versus Cody Hodgson in Canucks zone.
12:54 of 3rd period - Snap shot by Mike Cammalleri.
12:54 of 3rd period - Shot Blocked by Christopher Tanev.
13:22 of 3rd period - Michael Grabner is hit by Scottie Upshall and loses puck.
14:00 of 3rd period - Wrist shot by Pavel Datsyuk.
14:00 of 3rd period - Shot Misses the Net.
14:43 of 3rd period - Wrist shot by James Wright.
14:43 of 3rd period - Shot Blocked by Mathieu Perreault.
14:45 of 3rd period - Slapshot by Victor Hedman.
14:45 of 3rd period - Shot Misses the Net.
15:19 of 3rd period - Minor Penalty to Ryan White for Hooking.
15:20 of 3rd period - Eric Staal wins face-off versus Boyd Gordon in Canucks zone.
16:12 of 3rd period - Kyle Brodziak is hit by Craig Smith and loses puck.
16:19 of 3rd period - Wrist shot by Mathieu Perreault.
16:19 of 3rd period - Stopped by Ben Bishop without a rebound.
16:20 of 3rd period - Mathieu Perreault wins face-off versus Kyle Brodziak in Canucks zone.
16:23 of 3rd period - Snap shot by Mathieu Perreault.
16:23 of 3rd period - Deflect By Jussi Jokinen.
16:23 of 3rd period - Stopped by Ben Bishop with a rebound.
16:25 of 3rd period - Snap shot by Jussi Jokinen.
16:25 of 3rd period - Shot Misses the Net.
16:27 of 3rd period - Slapshot by Jonathan Ericsson.
16:27 of 3rd period - Shot Blocked by Victor Hedman.
16:29 of 3rd period - Slapshot by Ben Lovejoy.
16:29 of 3rd period - Shot Blocked by Victor Hedman.
16:31 of 3rd period - Slapshot by Ben Lovejoy.
16:31 of 3rd period - Stopped by Ben Bishop without a rebound.
16:32 of 3rd period - Mathieu Perreault wins face-off versus Boyd Gordon in Canucks zone.
17:05 of 3rd period - Snap shot by Mike Cammalleri.
17:05 of 3rd period - Stopped by Ben Bishop without a rebound.
17:06 of 3rd period - Sam Gagner wins face-off versus Kyle Brodziak in Canucks zone.
17:07 of 3rd period - Snap shot by Mike Cammalleri.
17:07 of 3rd period - Shot Misses the Net.
17:15 of 3rd period - Slapshot by Patric Hornqvist.
17:15 of 3rd period - Stopped by Ben Bishop with a rebound.
17:17 of 3rd period - Slapshot by Matt Niskanen.
17:17 of 3rd period - Stopped by Ben Bishop with a rebound.
17:19 of 3rd period - Penalty to Ryan White is over, Ryan White is back on ice.
18:06 of 3rd period - Snap shot by RJ Umberger.
18:06 of 3rd period - Shot Misses the Net.
18:08 of 3rd period - Slapshot by RJ Umberger.
18:08 of 3rd period - Stopped by Ben Bishop without a rebound.
18:09 of 3rd period - Sam Gagner wins face-off versus Pavel Datsyuk in Canucks zone.
19:10 of 3rd period - Slapshot by Boyd Gordon.
19:10 of 3rd period - Shot Misses the Net.
19:12 of 3rd period - Slapshot by Willie Mitchell.
19:12 of 3rd period - Shot Hit the Post.
19:28 of 3rd period - Snap shot by Jared Cowen.
19:28 of 3rd period - Stopped by Marc-Andre Fleury with a rebound.
19:38 of 3rd period - Snap shot by James Wright.
19:38 of 3rd period - Shot Misses the Net.
19:40 of 3rd period - Slapshot by Kyle Brodziak.
19:40 of 3rd period - Shot Misses the Net.
19:48 of 3rd period - Snap shot by Boyd Gordon.
19:48 of 3rd period - Shot Blocked by Mathieu Perreault.
Goals for this period are 0 for Canadiens vs 0 for Canucks.
Shots for this period are 16 for Canadiens vs 4 for Canucks.


Output by the SimonT Hockey Simulator (STHS) for Eric Dolegowski -- Original Page W3C XHTML 1.0 Valid
Hockey Simulator - Hockey Simulation - Hockey Manager